 Dungeon Crawl Stone Soup version 0.29-a0-270-g1586fc07ea (webtiles) character file.

Game seed: 3272398398690209241

76 jmlagarto the Stinger (level 4, -1/24 HPs)
             Began as a Gargoyle Venom Mage on Mar 7, 2022.
             Slain by a hobgoblin (3 damage)
             ... led by Robin
             ... on level 2 of the Dungeon.
             The game lasted 00:03:14 (1494 turns).

jmlagarto the Stinger (Gargoyle Venom Mage)         Turns: 1494, Time: 00:03:15

Health: -1/24      AC:  5    Str: 12    XL:     4   Next: 32%
Magic:  5/7        EV: 12    Int: 17    God:
Gold:   100        SH:  0    Dex: 10    Spells: 6/7 levels left

rFire   . . .      SeeInvis .   d - staff of air
rCold   . . .      Faith    .   (no shield)
rNeg    + . .      Spirit   .   a - +0 robe
rPois   ∞          Reflect  .   (no helmet)
rElec   +          Harm     .   (no cloak)
rCorr   .          Rampage  .   (no gloves)
Will    .....                   (no boots)
Stlth   ++........              (no amulet)
HPRegen 0.08/turn               (no ring)
MPRegen 0.10/turn               (no ring)

@: no status effects
A: sickness immunity, AC +3, negative energy resistance 1, electricity
resistance, torment resistance 1, petrification resistance
a: no special abilities


You were on level 2 of the Dungeon.
You visited 1 branch of the dungeon, and saw 2 of its levels.

You collected 100 gold pieces.

Inventory:

Hand Weapons
 c - a +0 mace
Armour
 a - a +0 robe (worn)
Magical Staves
 d - a staff of air (weapon)
Jewellery
 e - an amulet of faith
Wands
 l - a wand of digging (5)
Scrolls
 g - a scroll of enchant weapon {unknown}
 h - 2 scrolls of identify {unknown}
 i - a scroll of fog {unknown}
Potions
 b - a potion of magic
 f - a potion of heal wounds {unknown}
 k - a potion of cancellation


   Skills:
 + Level 0.5 Fighting
 + Level 0.8 Staves
 + Level 1.9 Dodging
 + Level 2.9 Stealth
 + Level 2.2 Spellcasting
 + Level 1.2 Transmutations
 + Level 3.8 Poison Magic


You had 6 spell levels left.
You knew the following spells:

 Your Spells              Type           Power      Damage    Failure   Level
a - Sting                 Tmut/Pois      40%        1d5       7%          1

Your spell library contained the following spells:

 Spells                   Type           Power      Damage    Failure   Level
 Poisonous Vapours        Pois/Air       24%        N/A       13%         2
 Magic Dart               Conj           4%         1d3       19%         1
 Call Imp                 Summ           1%         N/A       28%         2
 Mephitic Cloud           Conj/Pois/Air  9%         N/A       32%         3
 Olgreb's Toxic Radiance  Pois           15%        N/A       36%         4


Dungeon Overview and Level Annotations

Branches:
Dungeon (2/15)

Altars:

Annotations:
D:2 Robin


Innate Abilities, Weirdness & Mutations

You are immune to sickness and miasma.
Your stone body is resilient. (AC +3)
You are immune to poison.
You resist negative energy. (rN+)
You are resistant to electric shocks. (rElec)
You are resistant to unholy torment.
You are immune to petrification.


Message History

Aiming: Sting (safe; 7% risk of failure)
Press: ? - help, Shift-Dir - straight line, f - Robin
Aim: Robin, wielding a +0 spear, wearing a +0 animal skin and wearing a +0 helmet (79% to hit)
You miscast Sting.
You are very lightly contaminated with residual magic.
Nothing appears to happen.
The goblin hits you but does no damage. The goblin hits you with a +0 club.
Casting: Sting (safe; 7% risk of failure)
Confirm with . or Enter, or press ? or * to list all spells.
Aiming: Sting (safe; 7% risk of failure)
Press: ? - help, Shift-Dir - straight line, f/p - Robin
Aim: Robin, wielding a +0 spear, wearing a +0 animal skin and wearing a +0 helmet (79% to hit)
The sting hits the goblin.
The goblin is poisoned.
The goblin is heavily wounded.
The goblin barely misses you. The goblin hits you but does no damage.
You barely miss the goblin. You punch the goblin.
The goblin is severely wounded.
The goblin hits you but does no damage. The goblin completely misses you.
You hit the goblin but do no damage.
The goblin is severely wounded.
The goblin hits you but does no damage. The goblin misses you.
You miss the goblin.
The goblin is severely wounded.
The goblin barely misses you. The goblin hits you with a +0 club.
You hit the goblin.
You kill the goblin! x2
Robin throws the goblin at you! The goblin closely misses you.
The goblin hits you with a +0 club.
* * * LOW HITPOINT WARNING * * *
The hobgoblin hits you.
* * * LOW HITPOINT WARNING * * *
You feel better.
The hobgoblin no longer looks unusually strong.
The goblin no longer looks unusually strong.
The hobgoblin closely misses you. The goblin hits you with a +0 club.
* * * LOW HITPOINT WARNING * * *
Your magical contamination has completely faded away.
It was a potion of cancellation.
You feel magically purged. The hobgoblin hits you.
You die...

#..gg###g##.#.## ##.
#........##
#..##.....#
#..###...#.# #...#
#...##.# #.[## #gg.#
#.# #..# #g#.# ## .
######.#..# #g#.#
.#.......#..# #@#.#
.........#..# #g#.#
.........#..####.#.#
#..................#
.........#.#########
.....>...#.#
...........#
.#[........#
##......####


You could see Robin, a hobgoblin and 3 goblins.

Vanquished Creatures
  Jessica (D:2)
  Terence (D:2)
  A worm (D:2)
  A dart slug (D:1)
  8 goblins (D:2)
  2 hobgoblins
  A kobold (D:1)
  2 quokkas
  2 rats
19 creatures vanquished.

Notes
Turn   | Place    | Note
-------+----------+-------------------------------------------
     0 | D:1      | jmlagarto the Gargoyle Venom Mage began the quest for the
                  | Orb.
     0 | D:1      | Reached XP level 1. HP: 10/10 MP: 3/3
   393 | D:1      | Found a faded altar of an unknown god.
   451 | D:1      | Reached XP level 2. HP: 14/15 MP: 3/5
   921 | D:2      | Noticed Jessica
   934 | D:2      | Killed Jessica
   935 | D:2      | Reached XP level 3. HP: 8/19 MP: 0/6
  1208 | D:2      | Reached skill level 1 in Transmutations
  1374 | D:2      | Noticed Terence
  1376 | D:2      | Noticed Robin
  1390 | D:2      | Killed Terence
  1391 | D:2      | Reached XP level 4. HP: 22/24 MP: 2/7
  1494 | D:2      | Slain by a hobgoblin

Illustrated notes

Levels and vault maps discovered:
D:1:      minmay_arrival_four_houses, layout_basic,
          ebering_ecumenical_altar_petrified
D:2:      layout_loops_ring, uniq_robin, uniq_jessica, uniq_terence

Skill      XL: |  1  2  3 |
---------------+----------+-----
Transmutations | 1 |  1.2
Fighting       | |  0.5
Staves         | |  0.8
Dodging        | |  1.9
Stealth        | |  2.9
Spellcasting   | |  2.2
Poison Magic   | |  3.8

Action                   |  1- 3 |  4- 6 || total
-------------------------+-------+-------++-------
Melee: Staff             |    50 |    21 ||    71
       Mace              |     2 |       ||     2
       Punch             |     1 |     1 ||     2
 Cast: Sting             |    13 |     4 ||    17
  Use: Potion            |       |     2 ||     2
 Stab: Sleeping          |     3 |       ||     3
Armor: Robe              |    11 |    19 ||    30
Dodge: Dodged            |    27 |    24 ||    51

Table legend: (Time is in decaauts)
 A = Elapsed time spent in this place.
 B = Non-inter-level travel time spent in this place.
 C = Inter-level travel time spent in this place.
 D = Time resting spent in this place.
 E = Time spent auto-exploring this place.
 F = Levels seen in this place.
 G = Mean time per level.
                   A        B        C        D        E       F      G
               +--------+--------+--------+--------+--------+-----+--------+
         Total |   1506 |   1476 |     30 |      0 |   1244 |   2 |  753.0 |
       Dungeon |   1506 |   1476 |     30 |      0 |   1244 |   2 |  753.0 |
               +--------+--------+--------+--------+--------+-----+--------+

Top non-repeatable levels by time:
     D:1: 812 daAuts
     D:2: 693 daAuts
